wizbiz, neutral female human Wizard --- ---- --.---..--- ----[..[.....-- |.......%.....| -.)...........-- |.....---......^-- | --....| |....@G.%...- -....| |....|.......| .....- --..---.---.-- --..... ..... .. ----------------- wizbiz the Conjurer Experience level: 5 Strength: 8 Dexterity: 12 Constitution: 16 Intelligence: 18 Wisdom: 13 Charisma: 8 Health: 0(44) Energy: 36(56) Def: 4 Gold: 354 Moves: 2322 Dungeon seed: E8jAfmfRAu9P0ilF Game ID: wizbiz_1528937755 Your Inventory: Coins $ - 354 gold pieces Weapons a - a blessed +2 quarterstaff (weapon in hands) O - a +0 dagger Armor q - an uncursed +0 pair of high boots (being worn) r - an uncursed +0 orcish helm (being worn) K - an uncursed +0 cloak of magic resistance (being worn) Scrolls n - a blessed scroll of magic mapping t - an uncursed scroll of genocide C - an uncursed scroll of enchant armor D - 2 uncursed scrolls of light Spellbooks k - a blessed spellbook of force bolt l - an uncursed spellbook of identify u - an uncursed spellbook of magic mapping v - a cursed spellbook of slow monster B - an uncursed spellbook of sleep Potions f - 2 potions of unholy water g - a blessed potion of monster detection w - a cursed potion of speed Rings c - an uncursed ring of invisibility d - an uncursed ring of teleportation Wands b - a wand of undead turning (0:4) F - a wand of striking (0:3) Tools e - an uncursed skeleton key m - an uncursed blindfold x - an uncursed magic lamp G - an uncursed tallow candle (0:200) L - an uncursed partly used tallow candle (lit) (0:97) M - a cursed tallow candle (0:200) Gems y - an uncursed worthless piece of orange glass z - 2 uncursed worthless pieces of white glass N - an uncursed worthless piece of red glass Y - an uncursed worthless piece of blue glass Spells and supernatural/magical abilities: Name Level Category Fail Memory a - force bolt 1 attack 0% 89% I - identify 3 divination 92% 89% M - magic mapping 5 divination 100% 92% W - pray for help -- divine ? -- Your skills at the end: Fighting Skills Weapon Skills quarterstaff [Basic] Spellcasting Skills attack spells [Basic] enchantment spells [Basic] Final Attributes: You were piously aligned. You were magic-protected. You were unlucky. Thoth was angry with you. You are dead. Vanquished creatures: 2 dwarf lords 2 gnome lords a gnomish wizard a kitten 5 dwarves a homunculus a giant bat 2 gas spores 2 hobbits a hobgoblin a giant rat a yellow mold 13 gnomes 2 garter snakes 3 geckos 4 jackals a fox 2 kobolds 9 grid bugs 5 lichens 2 kobold zombies 8 newts 69 creatures vanquished. Voluntary challenges: You used a wielded weapon 61 times, starting on turn 26. You read items or engraved 39 times, starting on turn 3. You never genocided any monsters. You never polymorphed an object. You never changed form. You used no wishes. You never split a pudding. You never wrote Elbereth's name. You violated your moral code, losing 14 points of alignment, starting on turn 1791. Dungeon overview: The Dungeons of Doom: levels 1 to 4 Level 1 an altar to Anhur, a fountain a long staircase Level 2 Level 3 a general store, some fountains stairs to The Gnomish Mines Level 4 The Gnomish Mines: levels 4 to 5 Level 4 stairs to The Dungeons of Doom Level 5 <- You were here History has recorded: On T:1 you entered the Dungeons of Doom to retrieve the Amulet of Yendor! On T:201 you reached level 2 of The Dungeons of Doom. On T:378 you advanced to experience level 2. On T:716 you advanced to experience level 3. On T:724 you reached level 3 of The Dungeons of Doom. On T:1442 you reached level 1 of The Gnomish Mines. On T:1504 you reached level 4 of The Dungeons of Doom. On T:1661 you advanced to experience level 4. On T:1756 you advanced to experience level 5. On T:2228 you reached level 2 of The Gnomish Mines. Score breakdown: Gold: 354 ( 8674 points) Experience: 5 levels (11141 points) Exploration: 5 levels ( 10.42%) ( 8751 points) Discoveries: 8 items ( 2.78%) ( 5000 points) Valuables value: (no points given unless you survive) Artifact value: 0 ( 0 points) Variety of kills: 22 monsters ( 5.77%) ( 7208 points) Turncount: 2322 turns ( -221 points) Survival: died (score multiplied by 80%) Total score: 32442 Latest messages: The dwarf wields a dagger! You miss the dwarf. You hit the dwarf. The dwarf thrusts her dagger. The dwarf hits! You miss the dwarf. There are a few objects here. The spell hits the gnome king! The gnome king resists! The spell hits the dwarf! You kill the dwarf! The gnome king hits! The spell hits the gnome king. The gnome king hits! The spell hits the gnome king! The gnome king resists! The gnome king hits! You die... Final status: Goodbye wizbiz the Wizard, killed by a gnome king... You died in The Gnomish Mines on dungeon level 5 with 32442 points, and 354 pieces of gold, after 2322 moves. You were level 5 with a maximum of 44 hit points when you died.